AoeStats
← LWwcnm

Nomad

510187086Analyzed
4v4 RM · 1d ago on Sep 29, 2026· 87m 25s· 8 players
Game mode
Random Map
Map size
231×231
Population
200
Speed
Normal
Resources
Standard
Victory
Conquest
Starting age
Dark Age
Ending age
Imperial Age
RankedLock teamsTeams togetherTeam positionsShared explorationLock speedFull tech treeHidden civsTurbo modeCheats
Victory
Defeat
🇺🇸 Cumans · United States
1047
+16
🇧🇪 Koreans · Belgium
1032
+17
🇯🇵 Huns · Japan
1016
+18
🇵🇪 Teutons · Peru
991
+19
🇦🇷 Vietnamese · Argentina
1160
-21
🇦🇷 Italians · Argentina
1107
-20
1043
-17
🇦🇷 Franks · Argentina
912
-12
RarinWheel65511
7:23 Loom
17:00 Feudal Age
17:42 Double-Bit Axe
17:45 Fishing Lines
19:40 Wheelbarrow
24:50 Castle Age
26:04 Scale Barding Armor
26:10 Forging
25:50 Fletching
26:00 Padded Archer Armor
25:31 Capped Ram
26:03 Elite Skirmisher
29:05 Bloodlines
29:04 Thumb Ring
29:50 Bodkin Arrow
34:10 Hand Cart
34:54 Stone Mining
34:54 Gold Mining
40:35 Chain Barding Armor
40:51 Iron Casting
43:12 Imperial Age
41:26 Town Watch
41:52 Scale Mail Armor
42:07 Leather Archer Armor
44:10 Elite Steppe Lancer
47:58 Pikeman
49:25 Steppe Husbandry
49:46 Conscription
60:12 Town Patrol
61:53 Elite Kipchak
64:36 Caravan
65:13 Plate Barding Armor
65:39 Blast Furnace
64:54 Chain Mail Armor
82:05 Squires
81:50 Arson
85:46 Gold Shaft Mining
Cid Scarto
5:22 Loom
13:40 Feudal Age
18:17 Castle Age
16:48 Double-Bit Axe
18:39 Bloodlines
20:58 Gold Mining
23:05 Pikeman
25:35 Horse Collar
42:09 Wheelbarrow
47:00 Caravan
50:50 Heavy Plow
51:55 Hand Cart
55:29 Forging
55:46 Stone Mining
56:41 Scale Mail Armor
56:58 Bow Saw
58:02 Iron Casting
62:51 Chain Mail Armor
65:24 Imperial Age
64:35 Scale Barding Armor
65:30 Elite Teutonic Knight
68:14 Blast Furnace
68:17 Plate Mail Armor
69:14 Cavalier
71:23 Chain Barding Armor
71:13 Paladin
72:56 Crop Rotation
79:26 Plate Barding Armor
79:43 Fletching
79:33 Heavy Scorpion
83:56 Chemistry
LWwcnm
14:02 Feudal Age
14:32 Double-Bit Axe
14:34 Fishing Lines
18:01 Loom
18:11 Stone Mining
18:14 Gold Mining
20:51 Castle Age
19:05 Bloodlines
21:39 Husbandry
23:27 Gold Shaft Mining
24:12 Wheelbarrow
23:51 Bow Saw
23:40 Gillnets
24:37 Town Watch
25:44 Hand Cart
26:54 Fletching
27:05 Padded Archer Armor
28:38 Bodkin Arrow
28:59 Leather Archer Armor
31:50 Ballistics
34:22 Imperial Age
33:00 Scale Barding Armor
34:29 Heavy Cavalry Archer
35:35 Parthian Tactics
36:39 Chemistry
36:11 Conscription
36:30 Marauders
37:36 Bracer
37:56 Chain Barding Armor
39:15 Cavalier
39:15 Light Cavalry
41:56 Parthian Tactics
41:10 Elite Tarkan
44:08 Chain Barding Armor
43:59 Forging
46:51 Paladin
59:21 Paladin
63:19 Plate Barding Armor
63:20 Iron Casting
67:01 Blast Furnace
73:18 Horse Collar
73:15 Hussar
73:19 Elite Skirmisher
78:43 Atheism
PietrusIV
15:53 Loom
17:54 Feudal Age
19:06 Double-Bit Axe
23:08 Castle Age
25:00 Fletching
30:51 Bodkin Arrow
38:14 Imperial Age
37:40 Forging
39:28 Bracer
41:49 Elite War Wagon
64:12 Elite War Wagon
66:07 Eupseong
73:33 Pikeman
74:22 Squires
79:45 Iron Casting
79:10 Scale Mail Armor
79:53 Halberdier
83:51 Town Watch
84:47 Stone Mining
85:24 Chain Mail Armor
87:47 Plate Mail Armor
El Lobizon Chinchu
3:13 Loom
14:33 Feudal Age
16:25 Double-Bit Axe
21:27 Castle Age
22:02 Forging
21:58 Scale Barding Armor
21:52 Stone Mining
21:56 Gold Mining
23:11 Husbandry
26:45 Pikeman
29:34 Fletching
38:03 Imperial Age
39:18 Gold Shaft Mining
38:43 Cavalier
40:48 Paladin
46:18 Iron Casting
49:01 Wheelbarrow
57:59 Blast Furnace
57:20 Chain Barding Armor
57:48 Hand Cart
62:44 Plate Barding Armor
65:45 Light Cavalry
68:22 Town Watch
83:54 Squires
Caterpillar punta de acero
6:01 Loom
14:28 Feudal Age
15:27 Double-Bit Axe
19:57 Castle Age
22:08 Pikeman
22:49 Squires
24:14 Bow Saw
33:42 Imperial Age
35:34 Scale Barding Armor
35:39 Forging
37:23 Wheelbarrow
36:54 Husbandry
38:13 Chain Barding Armor
39:07 Hand Cart
40:18 Plate Barding Armor
39:37 Arson
41:05 Chemistry
41:14 Bloodlines
42:27 Iron Casting
41:53 Padded Archer Armor
41:44 Fletching
41:55 Cavalier
43:12 Conscription
45:26 Paladin
46:00 Elite Skirmisher
48:01 Leather Archer Armor
47:41 Bodkin Arrow
49:14 Imperial Skirmisher
50:00 Tower Shields
77:52 Light Cavalry
86:26 Ring Archer Armor
85:57 Bracer
Patovic
3:14 Loom
14:30 Feudal Age
15:54 Double-Bit Axe
16:02 Stone Mining
16:18 Town Watch
18:46 Castle Age
17:17 Fletching
17:28 Gold Mining
19:26 Wheelbarrow
20:11 Bodkin Arrow
20:27 Horse Collar
24:02 Bow Saw
28:18 Hand Cart
29:49 Ballistics
36:32 Imperial Age
34:45 Padded Archer Armor
34:30 Treadmill Crane
35:44 Heavy Plow
36:55 Leather Archer Armor
37:30 Bracer
37:00 Elite Skirmisher
38:57 Thumb Ring
41:45 Chemistry
41:19 Ring Archer Armor
40:51 Imperial Skirmisher
41:46 Town Patrol
43:57 Paper Money
44:37 Siege Engineers
46:23 Squires
46:09 Arson
46:53 Scale Mail Armor
48:15 Chain Mail Armor
48:13 Forging
49:33 Hoardings
49:36 Fortified Wall
50:39 Crop Rotation
50:47 Elite Fire Lancer
53:30 Plate Mail Armor
54:23 Iron Casting
55:40 Stone Shaft Mining
59:31 Elite Rattan Archer
61:27 Two-Man Saw
Doraso Troncoso de Elite
7:27 Loom
15:00 Feudal Age
16:19 Double-Bit Axe
21:54 Castle Age
20:13 Fishing Lines
22:15 Fletching
22:27 Padded Archer Armor
22:29 Scale Mail Armor
22:39 Forging
22:50 Pikeman
28:42 Imperial Age
33:37 Squires
35:33 Conscription
38:16 Ballistics
38:57 Chemistry
39:59 Murder Holes
39:45 Treadmill Crane
43:20 Gold Mining
43:20 Stone Mining
43:42 Bodkin Arrow
44:02 Leather Archer Armor
44:03 Chain Mail Armor
45:39 Chemistry
47:07 Masonry
Connection lost

Rejoining the realm…

Still unreachable

The connection could not be restored.

Session expired

The server has moved on; the page needs a fresh start.